Map: Dasan Station LE

Players

Fropez - Winner!

  • Race: Protoss Protoss
  • League: Gold
  • Spawn Location: 12:00

RocketMan

  • Race: Zerg Zerg
  • Spawn Location: 6:00

VOD

Have the link to the VOD?

Description

Time

  • Played on: Nov. 15, 2016, 4:24 p.m.
  • Length: 17:33
Show
View Real Time Build Order
Export as new Build Order

Fropez Protoss - Winner!

Build Orders:  

Get SALT Encoding   

  12  0:00  Probe (Chrono Boost)  
  13  0:11  Probe (Chrono Boost)  
  14  0:18  Pylon  
  14  0:22  Probe (Chrono Boost)  
  15  0:31  Assimilator  
  15  0:36  Probe (Chrono Boost)  
  16  0:44  Gateway  
  16  0:48  Probe (Chrono Boost)  
  17  0:58  Probe (Chrono Boost)  
  18  1:09  Probe (Chrono Boost)  
  18  1:10  Gateway  
  19  1:15  Pylon  
  19  1:19  Probe (Chrono Boost)  
  20  1:38  Probe (Chrono Boost)  
  21  1:42  Assimilator  
  21  1:47  Cybernetics Core  
  21  1:49  Gateway  
  21  1:50  Probe (Chrono Boost)  
  22  2:07  Probe (Chrono Boost)  
  23  2:24  Warp Gate (Chrono Boost)  
  23  2:26  Mothership Core (Chrono Boost)  
  24  2:36  Nexus  
  24  2:38  Adept  
  27  2:44  Probe (Chrono Boost)  
  27  2:45  Adept  
  29  2:52  Adept  
  31  3:17  Probe (Chrono Boost)  
  31  3:31  Pylon  
  31  3:35  Pylon  
  31  3:44  Pylon  
  31  3:48  Probe  
  32  4:00  Probe x2  
  34  4:10  Probe  
  34  4:12  Probe  
  36  4:17  Gateway  
  36  4:19  Gateway  
  36  4:23  Probe  
  36  4:24  Probe  
  36  4:30  Assimilator  
  38  4:33  Zealot x2  
  38  4:34  Assimilator  
  38  4:37  Zealot  
  44  4:40  Pylon  
  44  4:44  Probe  
  44  4:45  Probe  
  46  4:54  Probe  
  46  4:59  Adept x3  
  53  5:06  Probe  
  53  5:07  Probe  
  55  5:15  Gateway  
  55  5:20  Pylon, Probe  
  55  5:21  Probe  
  57  5:37  Robotics Facility  
  57  5:40  Twilight Council, Probe  
  58  5:52  Stalker x2  
  58  5:56  Stalker  
  64  6:05  Adept x2  
  68  6:12  Probe  
  68  6:14  Probe  
  70  6:20  Gateway  
  70  6:27  Probe  
  70  6:28  Pylon, Forge  
  70  6:30  Resonating Glaives (Chrono Boost)  
  72  6:38  Warp Prism  
  69  7:13  Adept x6  
  71  7:25  Probe x2  
  71  7:29  Protoss Ground Weapons Level 1 (Chrono Boost)  
  73  7:30  Warp Prism  
  71  8:00  Stalker x3  
  71  8:01  Stalker x3  
  71  8:03  Stalker  
  69  8:26  Adept x3  
  75  8:27  Adept x3  
  75  8:28  Adept  
  57  9:01  Adept x3  
  57  9:02  Adept x4  
  71  9:05  Charge (Chrono Boost)  
  71  9:06  Immortal  
  69  9:38  Pylon  
  69  9:42  Pylon  
  69  10:04  Nexus  
  69  10:06  Protoss Ground Weapons Level 2 (Chrono Boost)  
  69  10:07  Pylon, Templar Archives  
  69  10:08  Pylon  
  69  10:09  Pylon, Immortal  
  69  10:11  Assimilator  
  73  10:14  Pylon  
  73  10:19  Pylon, Forge  
  73  10:23  Probe x2  
  75  10:37  Stalker x4  
  75  10:38  Stalker x2  
  75  10:39  Probe  
  88  10:47  Probe  
  89  11:03  Probe x2  
  91  11:11  Zealot x4  
  91  11:12  Zealot  
  95  11:19  Zealot  
  95  11:22  Assimilator  
  91  11:35  Probe x2  
  91  11:39  Pylon  
  93  11:40  Pylon  
  93  11:43  Protoss Shields Level 1 (Chrono Boost)  
  93  11:46  Cybernetics Core  
  93  12:02  Nexus  
  91  12:29  Protoss Ground Armor Level 1 (Chrono Boost)  
  85  12:32  Immortal  
  85  12:34  Zealot x5  
  85  12:35  Zealot x2  
  103  12:56  Photon Cannon  
  103  12:58  Photon Cannon  
  103  13:01  Gateway  
  103  13:02  Gateway  
  103  13:07  Pylon  
  103  13:23  Templar Archives  
  103  13:25  Probe, Photon Cannon  
  103  13:26  Probe x2  
  105  13:29  Assimilator  
  105  13:33  Assimilator  
  106  13:35  Pylon  
  106  13:38  Pylon  
  106  13:43  Stalker x3  
  112  13:57  Pylon  
  112  13:59  Probe  
  112  14:00  Pylon  
  112  14:01  Probe  
  114  14:04  Photon Cannon  
  114  14:09  High Templar  
  116  14:10  High Templar x7  
  130  14:27  Archon x4  
  130  14:35  Photon Cannon  
  130  14:37  Pylon  
  130  14:40  Photon Cannon  
  130  14:41  Photon Cannon  
  130  14:45  Photon Cannon  
  130  14:48  Probe  
  130  14:50  Probe x2  
  133  14:54  High Templar x4  
  133  14:55  High Templar  
  133  14:59  Archon x2  
  143  15:03  Zealot x2  
  143  15:04  Zealot  
  143  15:27  Zealot x3  
  143  15:28  Zealot x4  
  153  15:37  Pylon  
  153  15:39  Pylon  
  129  16:10  Zealot x3  
  113  16:28  Nexus  
  113  16:31  Assimilator  
  113  16:32  Mothership Core  
  109  16:35  Assimilator  
  109  16:38  Zealot  
  109  16:39  Pylon  
  98  16:42  Pylon  
  98  16:52  Gateway  
  98  16:53  Gateway x2  
  98  16:54  Gateway  
  98  16:57  Gateway  
  98  16:58  Gateway  
  98  17:00  Gateway x2  
  98  17:06  Zealot  
  98  17:07  Zealot x2  
Show
View Real Time Build Order
Export as new Build Order

RocketMan Zerg 

Build Orders: Pool First 

Get SALT Encoding   

  12  0:01  Drone  
  13  0:12  Overlord  
  13  0:23  Drone  
  14  0:33  Drone x2  
  16  0:36  Drone  
  17  0:47  Spawning Pool  
  17  0:48  Drone  
  17  0:53  Extractor  
  17  0:56  Drone  
  17  1:20  Hatchery  
  17  1:23  Drone x2  
  18  1:28  Drone  
  19  1:33  Queen  
  21  1:40  Overlord  
  21  2:06  Zergling x4  
  23  2:23  Zergling x4  
  25  2:32  Queen  
  27  2:39  Drone x2  
  27  2:42  Drone x3  
  32  2:45  Overlord  
  32  2:47  Overlord  
  32  2:51  Metabolic Boost  
  30  3:20  Zergling x2  
  30  3:21  Zergling x10  
  30  3:24  Drone  
  30  3:25  Drone x2  
  39  3:33  Lair  
  39  3:40  Drone x2  
  41  3:43  Drone  
  43  4:02  Drone  
  43  4:03  Drone x3  
  43  4:05  Drone  
  47  4:13  Drone x4  
  51  4:18  Extractor  
  50  4:30  Zergling x2  
  51  4:31  Zergling x2  
  51  4:32  Overlord  
  51  4:33  Overlord  
  49  5:16  Roach Warren  
  49  5:17  Drone  
  49  5:20  Zergling x4  
  49  5:21  Zergling x2  
  52  5:22  Zergling x4  
  52  5:23  Drone x3  
  52  5:24  Overlord x2  
  57  5:59  Evolution Chamber  
  57  6:03  Evolution Chamber  
  55  6:04  Glial Reconstitution  
  55  6:06  Evolution Chamber, Roach x9  
  72  6:34  Zerg Missile Weapons Level 1, Zerg Melee Weapons Level 1, Zerg Ground Armor Level 1  
  72  6:56  Spine Crawler  
  72  6:57  Spine Crawler  
  70  7:02  Spine Crawler  
  61  7:11  Drone  
  61  7:12  Drone x16  
  60  8:10  Roach x10  
  69  9:37  Roach  
  69  9:38  Roach x6  
  83  9:43  Hydralisk Den  
  82  9:47  Spore Crawler  
  82  9:48  Zerg Ground Armor Level 2  
  81  10:04  Ravager  
  82  10:31  Muscular Augments  
  82  10:32  Drone  
  82  10:33  Drone  
  82  10:34  Overlord x2  
  82  10:35  Overlord x2  
  80  11:41  Extractor  
  80  11:44  Extractor, Hydralisk x8  
  94  12:10  Hydralisk  
  94  12:11  Hydralisk  
  94  12:15  Hatchery  
  93  12:41  Zerg Missile Weapons Level 2  
  93  12:49  Zergling x2  
  93  12:50  Zergling x34  
  111  13:30  Zerg Melee Weapons Level 2  
  111  13:32  Zergling x18  
  120  13:40  Queen  
  122  13:50  Lurker Den  
  122  13:55  Overlord  
  122  13:56  Overlord x5  
  122  14:16  Queen  
  119  15:17  Zergling x26  
  119  15:18  Zergling x2  
  120  15:40  Roach  
  120  15:41  Roach x3  
  123  15:57  Zergling x6  
  62  16:59  Hatchery  
Tags
 
League
Gold
Matchup
PvZ
Opening
Pool First
Replay Pack
All Mines
Spawn Locations
Cross Positions
Add a new tag
Caveats
  • Supply blocks, unpowered buildings, or Contaminate may cause inaccurate times.
  • Supply counts are checked every 10 seconds.